 Dungeon Crawl Stone Soup version bcrawl-1.34.3 (webtiles) character file.

Game seed: 15128070275041659717

221324 KristoblXynda the Cutter (level 9, -8/61 HPs)
             Began as a Kobold Gladiator on Oct 17, 2021.
             Was an Initiate of Dithmenos.
             Mangled by an unseen horror (10 damage)
             ... on level 8 of the Dungeon.
             The game lasted 00:09:30 (5896 turns).

KristoblXynda the Cutter (Kobold Gladiator)         Turns: 5896, Time: 00:09:31

Health: -8/61      AC: 10    Str: 14    XL:     9   Next: 4%
Magic:  9/9        EV: 18    Int: 10    God:    Dithmenos [......]
Gold:   330        SH:  0    Dex: 17    Spells: 8/8 levels left

rFire    . . .     SeeInvis .   D - +3 dagger (holy)
rCold    . . .     Gourm    .   (shield restricted)
rNeg     . . .     Faith    .   q - +0 ring mail
rPois    .         Spirit   .   c - +1 helmet
rElec    .         Reflect  .   k - +0 cloak
rCorr    .         Harm     .   o - +0 pair of gloves
MR       +....                  (no boots)
Stlth    +++.......             p - amulet of the acrobat
HPRegen  0.20/turn              x - +3 ring of slaying
MPRegen  0.11/turn              a - ring of protection from magic

@: no status effects
A: small, talons 1, carnivore, mutation resistance 1, sense surroundings 2
a: Renounce Religion


You were on level 8 of the Dungeon.
You worshipped Dithmenos.
Dithmenos was noncommittal.
You were near starving.

You visited 2 branches of the dungeon, and saw 9 of its levels.

You collected 330 gold pieces.

Inventory:

Hand Weapons
 l - a +2 dagger of speed
 u - a +2 dagger of electrocution
 D - a +3 dagger of holy wrath (weapon)
Missiles
 d - 2 throwing nets (quivered) {=f}
Armour
 c - a +1 helmet (worn)
 k - a +0 cloak (worn)
 o - a +0 pair of gloves (worn)
 q - a +0 ring mail (worn)
 y - the +0 Maxwell's etheric cage {RegenMP+ *Contam rElec Stlth-}
   (You found it on level 4 of the Dungeon)

   It insulates you from electricity.
   It causes magical contamination when unequipped.
   It makes you less stealthy.
Jewellery
 a - a ring of protection from magic (right hand)
 m - an uncursed ring of insulation
 p - an amulet of the acrobat (around neck)
 x - a +3 ring of slaying (left hand)
Scrolls
 g - 5 scrolls of remove curse
 h - 3 scrolls of magic mapping
 i - a scroll of identify
 j - 5 scrolls of teleportation
 r - a scroll of enchant weapon
 w - 2 scrolls of blinking
 E - a scroll of immolation
Potions
 b - 2 potions of agility {unknown}
 f - 3 potions of heal wounds
 n - 3 potions of invisibility {unknown}
 s - 3 potions of haste
 t - 3 potions of curing
 v - a potion of lignification {unknown}
 z - 2 potions of magic {unknown}
 A - a potion of berserk rage {unknown}
 B - a potion of degeneration {unknown}
 C - 2 potions of mutation {unknown}
Comestibles
 e - 12 rations {!d}


   Skills:
 - Level 5.0 Fighting
 + Level 7.7 Short Blades
 - Level 2.6 Throwing
 - Level 4.2 Armour
 + Level 7.1 Dodging
 + Level 7.0 Stealth
 + Level 1.1 Invocations


You had 8 spell levels left.
You didn't know any spells.
Your spell library contained the following spells:

 Spells                   Type           Power        Failure   Level  Hunger
 Magic Dart               Conj           #...         58%         1    None
 Searing Ray              Conj           #.......     73%         2    ####...
 Iskenderun's Mystic Bla  Conj           #.......     91%         3    #####..
 Fulminant Prism          Conj/Hex       #.........   100%        4    ######.
 Irradiate                Conj/Tmut      #.........   100%        5    #######


Dungeon Overview and Level Annotations

Branches:
Dungeon (8/12)             Temple (1/1) D:5
   Lair: D:7-9          Orc: D:8-11

Altars:
Dithmenos
Elyvilon
Fedhas
Gozag
Hepliaklqana
Kikubaaqudgha
Lugonu
Makhleb
Nemelex Xobeh
Okawaru
Qazlal
Ru
Sif Muna
Trog
Uskayaw
Vehumet
Wu Jian
Xom
Yredelemnul
Zin
The Shining One


Innate Abilities, Weirdness & Mutations

You are small and have problems with some larger weapons.
You have sharp toenails.
You are carnivorous and can eat meat at any time.
You are somewhat resistant to further mutation.
You passively map the area around you.


Message History

You hit something. Something barely misses you. x2
You hit something but do no damage. You claw something.
Something closely misses you.
You hit something but do no damage. You claw something.
Something hits you but does no damage.
You are near starving!
Things that are here:
a jackal corpse x2
Things that are here:
a jackal corpse x2
Something hits you.
* * * LOW HITPOINT WARNING * * *
Things that are here:
a jackal corpse x2
Something misses you.
You closely miss something. Something hits you.
* * * LOW HITPOINT WARNING * * *
Something misses you.
You hit something. Something closely misses you. Something hits you!
You die...

*#.#.....#######...#####
, #.##.#.## #...# * * *
#....#.# #...# ,
,#......# #...# *
##.##### #...# , , #.*
#...# * > .. #...# , **
## #######†#<# **,
#...@..###.# * *** * **
#...####.# ... ,, * * *
..... * *#.# ###* , .##.
, ,, ... ** ** * # , #.#
, * * *.#** , ,, , , * .
, ,, * ,* ,** # * ,, *
*, , , * * ,


There were no monsters in sight!

Vanquished Creatures
  A kobold demonologist (D:7)
  A hippogriff (D:6)
  A phantom (D:5)
  A sky beast (D:5)
  2 bullfrogs
  An orc priest (D:4)
  A howler monkey (D:5)
  3 crimson imps
  A hound (D:7)
  A jelly (D:5)
  Crazy Yiuf (D:2)
  A bullfrog skeleton (D:8)
  2 iguanas (D:6)
  4 orc wizards
  2 worker ants
  7 adders
  A gnoll (D:5)
  A shadow imp (D:7)
  An ooze (D:3)
  4 worms
  A dart slug (D:5)
  5 leopard geckos
  17 orcs
  3 giant cockroaches
  8 goblins
  5 hobgoblins
  8 jackals
  4 quokkas
  A ball python (D:4)
  8 bats
  4 frilled lizards
  2 gnoll zombies (D:4)
  3 kobolds
  4 rats
110 creatures vanquished.

Notes
Turn   | Place    | Note
-------+----------+-------------------------------------------
     0 | D:1      | KristoblXynda the Kobold Gladiator began the quest for the
                  | Orb.
     0 | D:1      | Reached XP level 1. HP: 16/16 MP: 1/1
    23 | D:1      | Reached skill level 1 in Stealth
    23 | D:1      | Reached XP level 2. HP: 18/21 MP: 2/2
   333 | D:1      | Reached XP level 3. HP: 26/26 MP: 3/3
  1004 | D:2      | Reached XP level 4. HP: 33/33 MP: 4/4
  1395 | D:2      | Found a runed door.
  1760 | D:2      | Noticed Crazy Yiuf
  1764 | D:2      | Killed Crazy Yiuf
  1765 | D:2      | Reached XP level 5. HP: 37/37 MP: 5/5
  2165 | D:3      | Reached skill level 5 in Short Blades
  2174 | D:3      | Reached skill level 1 in Armour
  2680 | D:4      | Found the +0 Maxwell's etheric cage {RegenMP+ *Contam rElec
                  | Stlth-}
  2784 | D:4      | Reached XP level 6. HP: 43/43 MP: 6/6
  2886 | D:4      | Reached skill level 5 in Dodging
  3267 | D:4      | Found a basalt altar of Yredelemnul.
  3309 | D:5      | Entered Level 5 of the Dungeon
  3362 | D:5      | Reached XP level 7. HP: 49/49 MP: 7/7
  3502 | D:5      | Reached skill level 5 in Fighting
  3527 | D:5      | Found an iron altar of Okawaru.
  3527 | D:5      | Found a bloodstained altar of Trog.
  3672 | D:5      | Reached skill level 5 in Stealth
  3761 | D:5      | Found a staircase to the Ecumenical Temple.
  3777 | Temple   | Entered the Ecumenical Temple
  3969 | Temple   | Became a worshipper of Dithmenos the Shadowed
  3990 | D:5      | Reached XP level 8. HP: 46/55 MP: 8/8
  4587 | D:6      | Noticed a hippogriff
  4595 | D:6      | Killed a hippogriff
  4798 | D:6      | Noticed a cyclops
  5223 | D:7      | Noticed a kobold demonologist
  5241 | D:7      | Killed a kobold demonologist
  5315 | D:7      | Reached XP level 9. HP: 61/61 MP: 9/9
  5779 | D:8      | Noticed a hippogriff
  5788 | D:8      | Reached skill level 1 in Invocations
  5894 | D:8      | HP: 1/61 [something (4)]
  5896 | D:8      | Mangled by an unseen horror

Skill      XL: |  1  2  3  4  5  6  7  8  9 |
---------------+----------------------------+-----
Stealth        | 1 2 3 4 5 6 7 |  7.0
Dodging        | 4 5 7 |  7.1
Fighting       | 4 5 |  5.0
Short Blades   | 5 6 7 |  7.7
Armour         | 1 2 3 4 |  4.2
Invocations    | 1 |  1.1
Throwing       | |  2.6

Action                   |  1- 3 |  4- 6 |  7- 9 || total
-------------------------+-------+-------+-------++-------
Melee: Rapier            |    84 |    62 |       ||   146
       Kick              |    13 |    27 |    34 ||    74
       Dagger            |       |    43 |   134 ||   177
Throw: Throwing net      |       |     1 |       ||     1
  Use: Scroll            |       |    10 |     1 ||    11
 Stab: Sleeping          |     1 |     6 |     3 ||    10
       Distracted        |       |       |     2 ||     2
  Eat: Chunk             |     2 |     9 |     6 ||    17
       Ration            |       |       |     1 ||     1
Armor: Leather armour    |    23 |     2 |       ||    25
       Ring mail         |       |    19 |    26 ||    45
Dodge: Dodged            |    65 |    68 |    84 ||   217
